 Dungeon Crawl Stone Soup version 0.27.1 (webtiles) character file.

Game seed: 10316788711818217694

33 Romesagentofchaos the Charlatan (level 3, 0/28 HPs)
             Began as a Draconian Artificer on Aug 23, 2021.
             Slain by a gnoll (4 damage)
             ... on level 2 of the Dungeon.
             The game lasted 00:07:12 (1219 turns).

Romesagentofchaos the Charlatan (DrAr)              Turns: 1219, Time: 00:07:13

Health: 0/28       AC:  5    Str: 15    XL:     3   Next: 12%
Magic:  3/3        EV: 12    Int: 11    God:
Gold:   31         SH:  0    Dex: 11    Spells: 2/2 levels left

rFire    . . .     SeeInvis .   f - +0 dagger
rCold    . . .     Faith    .   (no shield)
rNeg     . . .     Spirit   .   (armour unavailable)
rPois    .         Reflect  .   (helmet restricted)
rElec    .         Harm     .   (no cloak)
rCorr    .         Rampage  .   (no gloves)
Will     .....                  (no boots)
Stlth    +.........             (no amulet)
HPRegen  0.09/turn              (no ring)
MPRegen  0.08/turn              (no ring)

@: no status effects
A: AC +5, unfitting armour, cold-blooded
a: no special abilities


You were on level 2 of the Dungeon.
You visited 1 branch of the dungeon, and saw 2 of its levels.

You collected 31 gold pieces.

Inventory:

Hand Weapons
 f - a +0 dagger (weapon)
 g - a +0 rapier
Wands
 b - a wand of flame (10) (quivered)
 c - a wand of charming (15)
Potions
 a - a potion of haste
 e - a potion of flight
Miscellaneous
 d - a piece from Xom's chessboard (14/15)


   Skills:
 + Level 1.1 Fighting
 + Level 0.8 Short Blades
 + Level 2.6 Dodging
 + Level 1.0 Stealth
 + Level 3.6 Evocations


You had 2 spell levels left.
You didn't know any spells.
Your spell library was empty.

Dungeon Overview and Level Annotations

Branches:
Dungeon (2/15)

Altars:


Innate Abilities, Weirdness & Mutations

Your plain brown scales are hard. (AC +5)
You cannot fit into any form of body armour.
You are cold-blooded and may be slowed by cold attacks.


Message History

The adder hisses angrily.
The gnoll shouts!
You hear an angry hiss.
Found 22 arrows and 7 gold pieces.
Found a stone staircase leading up.
There is a stone staircase leading up here.
Aiming: Throw Flame
Press: ? - help, Q - select action, (/) - cycle Shift-Dir - straight line, f - gnoll
Aim: a gnoll, wielding a +0 whip (75% to hit)
The puff of flame hits the gnoll.
The gnoll is heavily wounded.
Aiming: Throw Flame
Press: ? - help, Q - select action, (/) - cycle Shift-Dir - straight line, f/p - gnoll
Aim: a gnoll, wielding a +0 whip (heavily wounded, 75% to hit)
The puff of flame hits the gnoll.
The gnoll is heavily wounded.
You hit the gnoll.
The gnoll is almost dead.
The gnoll hits you with a +0 whip.
The gnoll hits you from afar with a +0 spear.
The gnoll hits you from afar with a +3 spear of freezing.
You feel yourself slow down. The gnoll freezes you.
You hit the gnoll but do no damage. You tail-slap the gnoll.
You kill the gnoll!
The gnoll misses you.
The gnoll hits you from afar with a +0 spear.
A dart slug comes into view.
You have reached level 3!
Your experience leads to an increase in your attributes!
Increase (S)trength, (I)ntelligence, or (D)exterity?
You feel stronger.
Your scales feel tougher.
You hit the gnoll.
The gnoll is moderately wounded.
You feel yourself speed up. The adder barely misses you.
The gnoll hits you but does no damage. The gnoll barely misses you.
The gnoll closely misses you.
An adder comes into view.
The adder bites you but does no damage.
You make a move on Xom's chessboard...
The adder appears confused.
The gnoll hits you with a +0 club!
* * * LOW HITPOINT WARNING * * *
The gnoll hits you from afar with a +3 spear of freezing.
You die...

....... .w.....
.....S. #
....... .##
$...... ....
..(.... .....
......S##g.....
......w@)......
.......g.......
.......##g.....
....... ....<.
##..... ....#
#..#.# .....
##... ..## #.r.
..#


You could see a worm, 3 gnolls, 2 adders, a dart slug and a rat (asleep).

Vanquished Creatures
  A gnoll (D:2)
  A dart slug (D:1)
  2 bats (D:1)
  An endoplasm (D:1)
  A giant cockroach (D:1)
  2 goblins (D:1)
  A hobgoblin (D:1)
  2 kobolds (D:1)
  2 quokkas (D:1)
  3 ball pythons (D:1)
  2 frilled lizards (D:1)
  5 rats (D:1)
23 creatures vanquished.

Vanquished Creatures (others)
  5 toadstools (D:1)
5 creatures vanquished.

Grand Total: 28 creatures vanquished

Notes
Turn   | Place    | Note
-------+----------+-------------------------------------------
     0 | D:1      | Romesagentofchaos the Draconian Artificer began the quest
                  | for the Orb.
     0 | D:1      | Reached XP level 1. HP: 16/16 MP: 1/1
   168 | D:1      | Reached XP level 2. HP: 23/23 MP: 2/2
   207 | D:1      | Reached skill level 1 in Stealth
  1218 | D:2      | Reached XP level 3. HP: 10/28 MP: 3/3
  1219 | D:2      | Slain by a gnoll

Illustrated notes

Levels and vault maps discovered:
D:1:      ldierk_walled_garden, layout_basic, feat_on_display
D:2:      layout_rooms, uniq_crazy_yiuf_cottage

Skill      XL: |  1  2 |
---------------+-------+-----
Stealth        | 1 |  1.0
Fighting       | |  1.1
Short Blades   | |  0.8
Dodging        | |  2.6
Evocations     | |  3.6

Action                   || total
-------------------------++-------
Melee: Dagger            ||   101
       Club              ||     6
       Tailslap          ||    11
Evoke: Wand              ||     5
       Piece from Xom's  ||     1
  Use: Potion            ||     2
       Scroll            ||     1
 Stab: Sleeping          ||     2
Armor: Skin              ||    51
Dodge: Dodged            ||    90
